NYP
EVERETT AQUASOX @ LOWELL SPINNERS
04/15/2044
 
TOP OF THE 1ST
Everett AquaSox batting - Pitching for Lowell Spinners : RHP Efrain Nunez
Pitching: RHP Efrain Nunez
Batting: RHB Houston Brock 0-0: Foul Ball, location: 2F
0-1: Swinging Strike
0-2: Ball
1-2: Foul Ball, location: 2F
1-2: Ball
2-2: Strikes out looking
Batting: RHB Mike Conaway 0-0: Swinging Strike
0-1: Foul Ball, location: 2F
0-2: Strikes out swinging
Batting: RHB Tze-meng Li 0-0: Ball
1-0: Ball
2-0: Ball
3-0: Base on Balls
Batting: RHB Chris Olheiser 0-0: Called Strike
Tze-meng Li steals 2nd base
0-1: Ball
1-1: Ball
2-1: Ball
3-1: Called Strike
3-2: Foul Ball, location: 2F
3-2: Base on Balls
Batting: LHB Taki Matsui 0-0: Foul Ball, location: 2F
0-1: Ball
1-1: Foul Ball, location: 2F
1-2: Ball
2-2: Ball
3-2: Foul Ball, location: 2F
3-2: DOUBLE (Line Drive, 7LM, EV 115.0 MPH)
Tze-meng Li scores
Chris Olheiser to third
Chris Olheiser scores
Batting: RHB Ivan Davila 0-0: Ball
1-0: Ball
2-0: Called Strike
2-1: TRIPLE (Flyball, 89XD, EV 105.6 MPH)
Taki Matsui scores
Batting: RHB Victor Rosas 0-0: Called Strike
0-1: Swinging Strike
0-2: Ball
1-2: Strikes out swinging
Top of the 1st over - 3 runs, 2 hits, 0 errors, 1 left on base; Everett 3 - Lowell 0
BOTTOM OF THE 1ST
Lowell Spinners batting - Pitching for Everett AquaSox : RHP Ian Gaines
Pitching: RHP Ian Gaines
Batting: RHB John Chiesa 0-0: Ball
1-0: Called Strike
1-1: Ball
2-1: Foul Ball, location: 2F
2-2: SINGLE (Groundball, 56, EV 101.3 MPH)
Batting: LHB Nelis Geurts 0-0: Ball
1-0: Called Strike
1-1: Ball
2-1: Fly out, F5 (Popup, 5S, EV 78.1 MPH)
Batting: RHB Guillermo Quintero 0-0: Called Strike
John Chiesa steals 2nd base (no throw)
0-1: Swinging Strike
0-2: Ball
1-2: Hit by Pitch
Batting: LHB Noel Young 0-0: Foul Ball, location: 2F
0-1: Foul Ball, location: 2F
0-2: SINGLE (Groundball, 34D, EV 100.0 MPH)
John Chiesa to third
Guillermo Quintero to second
Batting: RHB Tommy Boudreaux 0-0: Fly out, F7 (Flyball, 7LM, EV 95.0 MPH)
Runner from 3rd tags up, SCORES, throw by LF
Batting: LHB Danny Montoya 0-0: Swinging Strike
0-1: Ball
1-1: Swinging Strike
1-2: Ground out U3 (Groundball, 3, EV 102.5 MPH)
Bottom of the 1st over - 1 run, 2 hits, 0 errors, 2 left on base; Everett 3 - Lowell 1
TOP OF THE 2ND
Everett AquaSox batting - Pitching for Lowell Spinners : RHP Efrain Nunez
Batting: RHB Heihachiro Fujita 0-0: Ball
1-0: TRIPLE (Line Drive, 9D, EV 101.9 MPH)
Batting: RHB David Greene 0-0: Foul Ball, location: 2F
0-1: Ground out 5-3 (Groundball, 56, EV 91.9 MPH)
Heihachiro Fujita scores
Batting: RHB Houston Brock 0-0: Foul Ball, location: 2F
0-1: Called Strike
0-2: Strikes out swinging
Batting: RHB Mike Conaway 0-0: Ball
1-0: Called Strike
1-1: Ball
2-1: Ball
3-1: Foul Ball, location: 2F
3-2: Strikes out swinging
Top of the 2nd over - 1 run, 1 hit, 0 errors, 0 left on base; Everett 4 - Lowell 1
BOTTOM OF THE 2ND
Lowell Spinners batting - Pitching for Everett AquaSox : RHP Ian Gaines
Batting: RHB Joel Vazquez 0-0: Foul Ball, location: 2F
0-1: Ball
1-1: Swinging Strike
1-2: Strikes out swinging, 2-3 out at first.
Batting: RHB Nick Cottrell 0-0: Ball
1-0: Foul Ball, location: 2F
1-1: Swinging Strike
1-2: Foul Ball, location: 2F
1-2: Strikes out swinging
Batting: RHB Mike Strey 0-0: Swinging Strike
0-1: Ball
1-1: Foul Ball, location: 2F
1-2: Strikes out swinging
Bottom of the 2nd over - 0 runs, 0 hits, 0 errors, 0 left on base; Everett 4 - Lowell 1
TOP OF THE 3RD
Everett AquaSox batting - Pitching for Lowell Spinners : RHP Efrain Nunez
Batting: RHB Tze-meng Li 0-0: SINGLE (Groundball, 6MD, EV 102.5 MPH)
Batting: RHB Chris Olheiser 0-0: Called Strike
0-1: Foul Ball, location: 2F
0-2: Ball
1-2: Ball
2-2: Fielders Choice at 2nd, 6-4 (Groundball, 6, EV 87.5 MPH)
Batting: LHB Taki Matsui 0-0: Fly out, F9 (Flyball, 89M, EV 96.9 MPH)
Batting: RHB Ivan Davila 0-0: Swinging Strike
0-1: Ball
1-1: Fly out, F9 (Flyball, 9, EV 90.0 MPH)
Top of the 3rd over - 0 runs, 1 hit, 0 errors, 1 left on base; Everett 4 - Lowell 1
BOTTOM OF THE 3RD
Lowell Spinners batting - Pitching for Everett AquaSox : RHP Ian Gaines
Batting: RHB John Chiesa 0-0: Foul Ball, location: 2F
0-1: SINGLE (Groundball, 5S, EV 68.8 MPH) (infield hit)
Batting: LHB Nelis Geurts 0-0: Ball
1-0: Ball
2-0: Ball
3-0: Base on Balls
John Chiesa to second
Batting: RHB Guillermo Quintero 0-0: Ball
1-0: Swinging Strike
1-1: Ball
2-1: Ball
3-1: Base on Balls
John Chiesa to third
Nelis Geurts to second
Batting: LHB Noel Young 0-0: Ball
1-0: Ball
2-0: Foul Ball, location: 2F
2-1: Ball
3-1: Base on Balls
John Chiesa scores
Nelis Geurts to third
Guillermo Quintero to second
Batting: RHB Tommy Boudreaux 0-0: Fielders Choice at 2nd, 3-6 (Groundball, 34, EV 80.0 MPH)
Nelis Geurts scores
Guillermo Quintero to third
Batting: LHB Danny Montoya 0-0: DOUBLE (Flyball, 8LXD, EV 110.0 MPH)
Guillermo Quintero scores
Tommy Boudreaux to third
Batting: RHB Joel Vazquez 0-0: Ball
1-0: Hit by Pitch
Pinch Runner at 1st Trent Hood:
Batting: RHB Nick Cottrell 0-0: Ball
1-0: Ball
2-0: Foul Ball, location: 2F
2-1: Foul Ball, location: 2F
2-2: Foul Ball, location: 2F
2-2: Foul Ball, location: 2F
2-2: Ball
3-2: Hit by Pitch
Tommy Boudreaux scores
Danny Montoya to third
Trent Hood to second
Pitching: RHP Marty Maginnis
Batting: RHB Mike Strey 0-0: Ball
1-0: Foul Ball, location: 2F
1-1: Swinging Strike
1-2: Strikes out swinging
Batting: RHB John Chiesa 0-0: Swinging Strike
0-1: Ball
1-1: Swinging Strike
1-2: Foul Ball, location: 2F
1-2: Ball
2-2: Strikes out looking
Bottom of the 3rd over - 4 runs, 2 hits, 0 errors, 3 left on base; Everett 4 - Lowell 5
TOP OF THE 4TH
Everett AquaSox batting - Pitching for Lowell Spinners : RHP Efrain Nunez
Now at 3B: Trent Hood
Batting: RHB Victor Rosas 0-0: Called Strike
0-1: Called Strike
0-2: Strikes out swinging
Batting: RHB Heihachiro Fujita 0-0: Called Strike
0-1: Ball
1-1: Ball
2-1: Foul Ball, location: 2F
2-2: Foul Ball, location: 2F
2-2: Ball
3-2: Strikes out swinging
Batting: RHB David Greene 0-0: Called Strike
0-1: Ground out 5-3 (Groundball, 5, EV 102.5 MPH)
Top of the 4th over - 0 runs, 0 hits, 0 errors, 0 left on base; Everett 4 - Lowell 5
BOTTOM OF THE 4TH
Lowell Spinners batting - Pitching for Everett AquaSox : RHP Marty Maginnis
Batting: LHB Nelis Geurts 0-0: Ball
1-0: Ball
2-0: TRIPLE (Flyball, 9LD, EV 109.4 MPH)
Batting: RHB Guillermo Quintero 0-0: Called Strike
0-1: Ball
1-1: Swinging Strike
1-2: Foul Ball, location: 2F
1-2: Ball
2-2: Foul Ball, location: 2F
2-2: Ball
3-2: Base on Balls
Batting: LHB Noel Young 0-0: Ball
1-0: Swinging Strike
1-1: Ball
2-1: Fly out, F8 (Flyball, 8LXD, EV 105.0 MPH)
Runner from 3rd tags up, SCORES, no throw by CF
Batting: RHB Tommy Boudreaux 0-0: Ball
1-0: Ball
Guillermo Quintero steals 2nd base (no throw)
2-0: Foul Ball, location: 2F
2-1: Swinging Strike
2-2: Ball
3-2: Strikes out swinging
Batting: LHB Danny Montoya 0-0: Ball
1-0: Foul Ball, location: 2F
1-1: Swinging Strike
1-2: Ball
2-2: Foul Ball, location: 2F
2-2: Strikes out swinging
Bottom of the 4th over - 1 run, 1 hit, 0 errors, 1 left on base; Everett 4 - Lowell 6
TOP OF THE 5TH
Everett AquaSox batting - Pitching for Lowell Spinners : RHP Efrain Nunez
Batting: RHB Houston Brock 0-0: Called Strike
0-1: Called Strike
0-2: Strikes out swinging
Batting: RHB Mike Conaway 0-0: Ball
1-0: Ball
2-0: Ball
3-0: Base on Balls
Batting: RHB Tze-meng Li 0-0: Ball
Mike Conaway steals 2nd base
1-0: Called Strike
1-1: Ball
2-1: Foul Ball, location: 2F
2-2: Ground out 4-3 (Groundball, 4, EV 106.3 MPH)
Mike Conaway to third
Batting: RHB Chris Olheiser 0-0: Swinging Strike
0-1: Ball
1-1: Swinging Strike
1-2: Strikes out looking
Top of the 5th over - 0 runs, 0 hits, 0 errors, 1 left on base; Everett 4 - Lowell 6
BOTTOM OF THE 5TH
Lowell Spinners batting - Pitching for Everett AquaSox : RHP Marty Maginnis
Batting: RHB Trent Hood 0-0: Ball
1-0: Ball
2-0: Called Strike
2-1: DOUBLE (Flyball, 78D, EV 107.5 MPH)
Batting: RHB Nick Cottrell 0-0: Swinging Strike
0-1: Ball
1-1: Ball
2-1: Ball
3-1: Foul Ball, location: 2F
3-2: Base on Balls
Batting: RHB Mike Strey 0-0: Foul Ball, location: 2F
0-1: Ball
1-1: DOUBLE (Line Drive, 78M, EV 102.5 MPH)
Trent Hood scores
Nick Cottrell to third
Runner from 3rd tries for Home, SAFE, throw by LF to home
Pitching: LHP Alex Villagran
Batting: RHB John Chiesa 0-0: Ball
1-0: Ground out 6-3 (Groundball, 6MS, EV 83.8 MPH)
Mike Strey to third
Batting: LHB Nelis Geurts 0-0: SINGLE (Flyball, 56D, EV 85.0 MPH)
Mike Strey scores
Batting: RHB Guillermo Quintero 0-0: Ball
1-0: SINGLE (Line Drive, 9S, EV 86.9 MPH)
Nelis Geurts to second
Runner from 2nd tries for 3rd, SAFE, throw by RF made to third
Batting: LHB Noel Young 0-0: Called Strike
0-1: Ball
1-1: Foul Ball, location: 2F
1-2: Strikes out looking
Batting: RHB Tommy Boudreaux 0-0: TRIPLE (Flyball, 78XD, EV 103.1 MPH)
Nelis Geurts scores
Guillermo Quintero scores
Batting: LHB Danny Montoya 0-0: Foul Ball, location: 2F
0-1: Ball
1-1: Swinging Strike
1-2: Strikes out swinging
Bottom of the 5th over - 5 runs, 5 hits, 0 errors, 1 left on base; Everett 4 - Lowell 11
TOP OF THE 6TH
Everett AquaSox batting - Pitching for Lowell Spinners : RHP Efrain Nunez
Batting: LHB Taki Matsui 0-0: Ball
1-0: Swinging Strike
1-1: Swinging Strike
1-2: SINGLE (Line Drive, 9S, EV 98.8 MPH)
Batting: RHB Ivan Davila 0-0: Ball
1-0: Called Strike
1-1: Called Strike
1-2: Ball
2-2: Strikes out swinging
Batting: RHB Victor Rosas 0-0: Swinging Strike
0-1: Ball
1-1: Grounds into double play, 5-4-3 (Groundball, 5, EV 85.6 MPH)
Top of the 6th over - 0 runs, 1 hit, 0 errors, 0 left on base; Everett 4 - Lowell 11
BOTTOM OF THE 6TH
Lowell Spinners batting - Pitching for Everett AquaSox : LHP Alex Villagran
Batting: RHB Trent Hood 0-0: Foul Ball, location: 2F
0-1: Ball
1-1: Ball
2-1: Ball
3-1: Fly out, F8 (Line Drive, 8RM, EV 91.3 MPH)
Batting: RHB Nick Cottrell 0-0: Foul Ball, location: 2F
0-1: Ball
1-1: Ball
2-1: Called Strike
2-2: Strikes out swinging
Batting: RHB Mike Strey 0-0: Called Strike
0-1: Ball
1-1: Foul Ball, location: 2F
1-2: Ball
2-2: Ground out 3-1 (Groundball, 34S, EV 83.8 MPH)
Bottom of the 6th over - 0 runs, 0 hits, 0 errors, 0 left on base; Everett 4 - Lowell 11
TOP OF THE 7TH
Everett AquaSox batting - Pitching for Lowell Spinners : RHP Efrain Nunez
Pitching: RHP Matthew Baird
Batting: RHB Heihachiro Fujita 0-0: Ball
1-0: Ball
2-0: Ball
3-0: Called Strike
3-1: Foul Ball, location: 2F
3-2: Strikes out looking
Batting: RHB David Greene 0-0: Ball
1-0: Foul Ball, location: 2F
1-1: Ball
2-1: Foul Ball, location: 2F
2-2: Ground out 6-3 (Groundball, 6, EV 93.1 MPH)
Batting: RHB Houston Brock 0-0: Called Strike
0-1: Ball
1-1: Ball
2-1: Ground out 1-3 (Groundball, 13, EV 68.8 MPH)
Top of the 7th over - 0 runs, 0 hits, 0 errors, 0 left on base; Everett 4 - Lowell 11
BOTTOM OF THE 7TH
Lowell Spinners batting - Pitching for Everett AquaSox : LHP Alex Villagran
Batting: RHB John Chiesa 0-0: Ball
1-0: Swinging Strike
1-1: Called Strike
1-2: Foul Ball, location: 2F
1-2: Strikes out looking
Batting: LHB Nelis Geurts 0-0: Foul Ball, location: 2F
0-1: Ball
1-1: Ball
2-1: SINGLE (Line Drive, 8RS, EV 91.3 MPH)
Batting: RHB Guillermo Quintero 0-0: Called Strike
0-1: Fielders Choice at 2nd, 1-6 (Groundball, 13S, EV 71.3 MPH)
Batting: LHB Noel Young 0-0: Called Strike
0-1: Fly out, F5 (Popup, 25F, EV 90.6 MPH)
Bottom of the 7th over - 0 runs, 1 hit, 0 errors, 1 left on base; Everett 4 - Lowell 11
TOP OF THE 8TH
Everett AquaSox batting - Pitching for Lowell Spinners : RHP Matthew Baird
Batting: RHB Mike Conaway 0-0: Ground out 6-3 (Groundball, 6, EV 89.4 MPH)
Batting: RHB Tze-meng Li 0-0: Foul Ball, location: 2F
0-1: Fly out, F7 (Flyball, 7, EV 93.8 MPH)
Pinch Hitting: RHB Chris Van Niel 0-0: Ball
1-0: Ball
2-0: Swinging Strike
2-1: Ball
3-1: Ground out 6-3 (Groundball, 6, EV 102.5 MPH)
Top of the 8th over - 0 runs, 0 hits, 0 errors, 0 left on base; Everett 4 - Lowell 11
BOTTOM OF THE 8TH
Lowell Spinners batting - Pitching for Everett AquaSox : LHP Alex Villagran
Now at SS: Chris Van Niel
Batting: RHB Tommy Boudreaux 0-0: Called Strike
0-1: Called Strike
0-2: SINGLE (Groundball, 34D, EV 102.5 MPH)
Pitching: LHP Adam Parrish
Batting: LHB Danny Montoya 0-0: Called Strike
0-1: Ball
1-1: Foul Ball, location: 2F
1-2: Strikes out looking
Batting: RHB Trent Hood 0-0: Foul Ball, location: 2F
0-1: Ball
1-1: Fielders Choice at 2nd, 4-6 (Groundball, 4, EV 88.8 MPH)
Batting: RHB Nick Cottrell 0-0: Ball
1-0: Swinging Strike
1-1: Ball
2-1: Called Strike
2-2: Strikes out looking
Bottom of the 8th over - 0 runs, 1 hit, 0 errors, 1 left on base; Everett 4 - Lowell 11
TOP OF THE 9TH
Everett AquaSox batting - Pitching for Lowell Spinners : RHP Matthew Baird
Batting: LHB Taki Matsui 0-0: Ball
1-0: Ground out U3 (Groundball, 34, EV 84.4 MPH)
Batting: RHB Ivan Davila 0-0: Foul Ball, location: 2F
0-1: Called Strike
0-2: Ball
1-2: Reached on error, E6 (Groundball, 6, EV 82.5 MPH)
Pinch Hitting: RHB Jung-wan Aan 0-0: Called Strike
0-1: Swinging Strike
0-2: Ball
1-2: Foul Ball, location: 2F
1-2: Strikes out swinging
Batting: RHB Heihachiro Fujita 0-0: Called Strike
Pickoff Throw by Catcher to First - Out!
Top of the 9th over - 0 runs, 0 hits, 1 error, 0 left on base; Everett 4 - Lowell 11
Thursday, March 31st , 2022 - OOTP Baseball 22.12 Build 89